 Dungeon Crawl Stone Soup version 0.19-a0-1886-gd64a0f0 (webtiles) character file.

316 stebl the Digger (level 6, -10/33 HPs)
             Began as a Gargoyle Earth Elementalist on Oct 15, 2016.
             Was an Initiate of Vehumet.
             Killed by divine providence
             ... invoked by an orc priest
              (13 damage)
             ... on level 4 of the Dungeon.
             The game lasted 00:15:06 (3486 turns).

stebl the Digger (Gargoyle Earth Elementalist)      Turns: 3486, Time: 00:15:07

Health: -10/33     AC:  7    Str: 14    XL:     6   Next: 44%
Magic:  3/12       EV: 12    Int: 17    God:    Vehumet [......]
Gold:   202        SH:  0    Dex: 10    Spells: 3 memorised, 4 levels left

rFire  . . .     SeeInvis .     a - staff of energy
rCold  . . .     Gourm    .     c - +0 robe
rNeg   + . .     Faith    .     (no shield)
rPois  ∞         Spirit   .     (no helmet)
rElec  +         Dismiss  .     (no cloak)
rCorr  .         Reflect  .     f - +0 pair of gloves
MR     .....     Harm     .     (no boots)
Stlth  ++........               (no amulet)
                                (no ring)
                                g - +2 ring of strength

@: no status effects
A: negative energy resistance 1, electricity resistance, unbreathing,
petrification resistance, rot immunity, AC +4
a: Renounce Religion


You were on level 4 of the Dungeon.
You worshipped Vehumet.
Vehumet was noncommittal.
You were not hungry.

You visited 2 branches of the dungeon, and saw 5 of its levels.

You collected 202 gold pieces.

Inventory:

Hand Weapons
 A - a +0 whip
Missiles
 b - a stone (quivered)
Armour
 c - a +0 robe (worn)
 f - a +0 pair of gloves (worn)
Magical Staves
 a - an uncursed staff of energy (weapon)
Jewellery
 g - a +2 ring of strength (left hand)
Wands
 y - a wand of lightning (6/15)
Scrolls
 h - a scroll of identify
 j - 2 scrolls of remove curse
 k - a scroll of recharging {unknown}
 m - a scroll of enchant weapon {unknown}
 n - a scroll of magic mapping {unknown}
 o - 2 scrolls of teleportation {unknown}
 r - a scroll of noise {unknown}
 t - a scroll of fog {unknown}
 u - a scroll of random uselessness {unknown}
Potions
 i - a potion of curing {unknown}
 p - a potion of heal wounds {unknown}
 q - a potion of beneficial mutation {unknown}
 v - 2 potions of might {unknown}
 z - a potion of haste {unknown}
Books
 e - a book of Geomancy

   Spells                             Type                      Level
   a - Sandblast                      Earth                        1
   b - Passwall                       Transmutation/Earth          2
   c - Stone Arrow                    Conjuration/Earth            3
   d - Petrify                        Transmutation/Earth          4
   e - Lee's Rapid Deconstruction     Earth                        5
Comestibles
 d - a bread ration
 l - 5 meat rations
 s - 9 fruits
 w - 4 chunks of flesh


   Skills:
 * Level 0.7 Fighting
 - Level 1.5 Dodging
 - Level 2.1 Stealth
 + Level 4.3 Spellcasting
   Level 0.7 Transmutations
 + Level 6.5 Earth Magic


You had 4 spell levels left.
You knew the following spells:

 Your Spells              Type           Power        Failure   Level  Hunger
a - Sandblast             Erth           ####..       1%          1    None
b - Stone Arrow           Conj/Erth      ##....       14%         3    None
e - Lee's Rapid Deconstr  Erth           ####......   30%         5    None


Dungeon Overview and Level Annotations

Branches:
Dungeon (4/15)             Temple (1/1) D:4

Altars:
Ashenzari
Cheibriados
Dithmenos
Elyvilon
Fedhas
Gozag
Hepliaklqana
Kikubaaqudgha
Makhleb
Nemelex Xobeh
Okawaru
Qazlal
Ru
Trog
Uskayaw
Vehumet
Xom
Yredelemnul
Zin
The Shining One

Annotations:
D:3 Jessica


Innate Abilities, Weirdness & Mutations

You are resistant to torment.
Your stone body is resilient. (AC +4)
You are immune to poison.
You resist negative energy. (rN+)
You are resistant to electric shocks. (rElec)
You can survive without breathing.
You are immune to petrification.
You are immune to rotting.


Message History

The orc shouts!
As you read the scroll labeled OQASTRIKLI IFED, it crumbles to dust.
It is a scroll of identify.
j - 2 scrolls of remove curse The orc priest barely misses you.
The orc priest looks satisfied for a moment.
An orc comes into view. It is wielding a club.
The orc priest invokes the aid of Beogh against you.
Beogh smites you!
The orc shouts!
There is an open door here.
As you close the door, it creaks loudly!
An orc priest opens the door.
The orc priest calls down the wrath of Beogh upon you.
Beogh smites you!
* * * LOW HITPOINT WARNING * * *
Your magical contamination has completely faded away.
The orc priest invokes the aid of Beogh against you.
Beogh smites you!
You die...

#......#.......o.#.............
......#....##o..#.............
#....#....##...###########...
#....#....#.oo...# ...
#....#....#......# ...
#....##'####..######
#........###..#...... #
#........'....#...... .
#........#..@.#...... ... .
#........##'###..... ...##
....####+#..........# #... ....
#....[.....+ +... .....
#..........# #... ....
#..........# ##+##...
#..........# #.......
####+##....# +....... #....+
#.......


You could see an orc priest and 2 orcs.

Vanquished Creatures
  The ghost of DaddyVader the Magician, an amateur DECj (D:3)
  Natasha (twice) (D:2)
  A worker ant (D:4)
  5 adders
  A shadow imp (D:3)
  2 worms
  2 dart slugs
  A leopard gecko (D:3)
  7 orcs
  5 giant cockroaches
  8 goblins
  6 hobgoblins
  3 jackals (D:2)
  7 kobolds
  3 ball pythons
  A ball python skeleton (D:4)
  7 bats
  6 frilled lizards
  A quokka skeleton (D:4)
  4 rats
  A spectral orc (D:3)
74 creatures vanquished.

Notes
Turn   | Place    | Note
-------+----------+-------------------------------------------
     0 | D:1      | stebl the Gargoyle Earth Elementalist began the quest for the Orb.
     0 | D:1      | Reached XP level 1. HP: 10/10 MP: 3/3
    42 | D:1      | Reached skill level 4 in Earth Magic
   257 | D:1      | Reached XP level 2. HP: 14/15 MP: 0/5
   731 | D:2      | Reached XP level 3. HP: 19/19 MP: 4/6
   962 | D:2      | Found an iron altar of Okawaru.
   964 | D:2      | Found a shadowy altar of Dithmenos.
   966 | D:2      | Found an opulent altar of Gozag.
  1160 | D:2      | Reached skill level 5 in Earth Magic
  1271 | D:2      | Noticed Natasha
  1279 | D:2      | Killed Natasha
  1279 | D:2      | Reached XP level 4. HP: 17/24 MP: 2/8
  1462 | D:2      | Learned a level 3 spell: Stone Arrow
  1656 | D:2      | Noticed Natasha
  1661 | D:2      | Killed Natasha
  1661 | D:2      | Reached XP level 5. HP: 28/28 MP: 7/10
  1910 | D:3      | Noticed DaddyVader's ghost (amateur DECj)
  2053 | D:3      | Killed DaddyVader's ghost
  2053 | D:3      | Reached skill level 6 in Earth Magic
  2053 | D:3      | Reached XP level 6. HP: 27/32 MP: 5/12
  2189 | D:3      | Found a basalt altar of Yredelemnul.
  2491 | D:3      | Noticed Jessica
  2499 | D:3      | Learned a level 5 spell: Lee's Rapid Deconstruction
  3025 | D:4      | Found a staircase to the Ecumenical Temple.
  3030 | Temple   | Entered the Ecumenical Temple
  3106 | Temple   | Became a worshipper of Vehumet
  3486 | D:4      | Killed from afar by an orc priest

Vault maps used:
D:1:      tarquinn_simple_flora_water_e
D:2:      grunt_temple_overflow_open, uniq_natasha
D:3:      yredelemnul_forgotten_temple_becter, bh_chokoban, st_stairs_10,
          kennysheep_jessica_study
D:4:      first_bread
Temple:   regret_index_temple_sphere_string

Skill      XL: |  1  2  3  4  5 |
---------------+----------------+-----
Earth Magic    | 4 5 6 |  6.5
Spellcasting   | 3 4 |  4.3
Fighting       | |  0.7
Dodging        | |  1.5
Stealth        | |  2.1
Transmutations | |  0.7

Action                   |  1- 3 |  4- 6 || total
-------------------------+-------+-------++-------
Melee: Club              |       |     5 ||     5
       Staff             |       |     2 ||     2
 Cast: Sandblast         |    59 |    82 ||   141
       Stone Arrow       |       |     9 ||     9
  Use: Scroll            |       |     1 ||     1
  Eat: Chunk             |     2 |     3 ||     5
       Bread ration      |       |     1 ||     1
       Fruit             |       |     1 ||     1
Armor: Robe              |     9 |    18 ||    27
Dodge: Dodged            |    21 |    24 ||    45
